 Dungeon Crawl Stone Soup version 0.16.0-17-g811c1d7 (webtiles) character file.

1455 ajon the Digger (level 8, -2/43 HPs)
             Began as a Gargoyle Earth Elementalist on Mar 21, 2015.
             Was a Follower of Vehumet.
             Slain by a black bear (6 damage)
             ... on level 6 of the Dungeon.
             The game lasted 00:27:54 (6774 turns).

ajon the Digger (Gargoyle Earth Elementalist)       Turns: 6774, Time: 00:27:54

Health: -2/43      AC: 10    Str: 12    XL:     8   Next: 76%
Magic:  23/23      EV: 12    Int: 18    God:    Vehumet [*.....]
Gold:   161        SH:  0    Dex: 10    Spells: 4 memorised, 12 levels left

rFire  . . .     SeeInvis .     D - +0 short sword (drain)
rCold  . . .     Clarity  .     c - +0 robe
rNeg   + . .     SustAb   +     (no shield)
rPois  ∞         Gourm    .     (no helmet)
rElec  +         Spirit   .     h - +0 cloak
rCorr  +         Warding  .     i - +0 pair of gloves
rMut   .         Stasis   .     B - +0 pair of boots
MR     .....                    u - amulet of resist corrosion
Stlth  ++........               (no ring)
                                x - ring of sustain abilities

@: about to teleport, not resistant to hostile enchantments, unstealthy
A: negative energy resistance 1, electricity resistance, unbreathing,
petrification resistance, rot immunity, AC +5
a: Renounce Religion


You were on level 6 of the Dungeon.
You worshipped Vehumet.
Vehumet was aware of your devotion.
You were not hungry.

You visited 2 branches of the dungeon, and saw 7 of its levels.

You collected 211 gold pieces.
You spent 50 gold pieces at shops.

Inventory:

Hand weapons
 p - a +0 flail
 D - a +0 short sword of draining (weapon)
Missiles
 b - 248 stones
 k - 4 steel tomahawks (quivered)
Armour
 c - a +0 robe (worn)
 h - a +0 cloak (worn)
 i - a +0 pair of gloves (worn)
 B - a +0 pair of boots (worn)
Jewellery
 u - an amulet of resist corrosion (around neck)
 x - a ring of sustain abilities (left hand)
Magical devices
 l - a wand of flame (11)
 G - a wand of polymorph (18)
Scrolls
 e - 4 scrolls of teleportation
 j - 2 scrolls of enchant armour {unknown}
 n - 8 scrolls of identify
 q - 5 scrolls of fear
 s - 3 scrolls of magic mapping
 t - a scroll of remove curse
 w - 3 scrolls of fog {unknown}
 y - a scroll of amnesia
 z - a scroll of noise {unknown}
Potions
 v - a potion of agility {unknown}
 C - a potion of curing
 E - a potion of brilliance {unknown}
Books
 d - a book of Geomancy

   Spells                             Type                      Level
   a - Sandblast                      Earth                        1
   b - Stoneskin                      Transmutation/Earth          2
   c - Passwall                       Transmutation/Earth          3
   d - Stone Arrow                    Conjuration/Earth            3
   e - Petrify                        Transmutation/Earth          4
   f - Lee's Rapid Deconstruction     Earth                        5
 r - a book of the Tempests

   Spells                             Type                      Level
   a - Static Discharge               Conjuration/Air              3
   b - Lightning Bolt                 Conjuration/Air              5
   c - Fireball                       Conjuration/Fire             5
   d - Tornado                        Air                          9
   e - Shatter                        Earth                        9
 A - a book of Maledictions

   Spells                             Type                      Level
   a - Corona                         Hexes                        1
   b - Sure Blade                     Hexes/Charms                 2
   c - Ensorcelled Hibernation        Hexes/Ice                    2
   d - Confuse                        Hexes                        3
   e - Dazzling Spray                 Conjuration/Hexes            3
   f - Enslavement                    Hexes                        4
Comestibles
 a - 5 bread rations
 f - a royal jelly
 m - 3 fruits
 o - 2 meat rations


   Skills:
 + Level 1.5 Fighting
 + Level 1.8 Maces & Flails
 + Level 2.1 Armour
 + Level 2.3 Dodging
 - Level 2.1 Stealth
 * Level 7.3 Spellcasting
 - Level 0.7 Transmutations
 + Level 7.4 Earth Magic
 + Level 1.8 Evocations


You had 12 spell levels left.
You knew the following spells:

 Your Spells              Type           Power        Failure   Level  Hunger
a - Sandblast             Erth           ####..       1%          1    None
b - Stoneskin             Trmt/Erth      ###.....     3%          2    None
c - Passwall              Trmt/Erth      ###.......   10%         3    #......
d - Stone Arrow           Conj/Erth      ###...       10%         3    #......


Dungeon Overview and Level Annotations

Branches:
Dungeon (6/15)             Temple (1/1) D:5

Altars:
Ashenzari
Cheibriados
Dithmenos
Elyvilon
Fedhas
Gozag
Kikubaaqudgha
Nemelex Xobeh
Okawaru
Qazlal
Sif Muna
Vehumet
Yredelemnul
Zin
The Shining One

Shops:
D:4 *

Annotations:
D:3 gw's ghost, average DsGl
D:6 Natasha


Innate Abilities, Weirdness & Mutations

You are resistant to torment.
You are immune to poison.
Your stone body is very resilient (AC +5).
You resist negative energy.
You are resistant to electric shocks.
You can survive without breathing.
You are immune to petrification.
You are immune to rotting.


Message History

The black bear barely misses you. The black bear misses you.
You hit the black bear.
The black bear is moderately wounded.
Natasha zaps a wand.
The puff of frost hits you!
The black bear bites you but does no damage.
The black bear closely misses you. The black bear completely misses you.
The giant gecko zombie bites you but does no damage.
You closely miss Natasha. Natasha claws you. The black bear bites you.
The black bear claws you.
* * * LOW HITPOINT WARNING * * *
The black bear claws you.
* * * LOW HITPOINT WARNING * * *
The giant gecko zombie bites you but does no damage.
The white imp hits you but does no damage.
Read which item? (? for menu, Esc to quit)
As you read the scroll of teleportation, it crumbles to dust.
You feel strangely unstable.
Natasha zaps a wand.
The puff of frost hits you!
* * * LOW HITPOINT WARNING * * *
The black bear bites you.
You die...

#>#.....'...#........#
###.....#...#........#
#####'###...'........#
.......# ...#........#
...# ##...#........#
##.# .##...'........##
##.##..####'#.........#
##.....##...#.....###.##
.'......'...'..5@Z.....#
##+##..##...#..hh#..##.#
# #+# #+##...K#..... .
#....#..#..# ..
.'....Z..#Z.. ...
..#..... .# ##.# .#.....
+ +...... ...


You could see a black bear, Natasha, a white imp, a giant gecko zombie, a worker
ant zombie (wandering) and a kobold.

Vanquished Creatures
  A water moccasin (D:5)
  An orc warrior (D:6)
  A centaur (D:6)
  2 ogres (D:4)
  A necrophage (D:5)
  2 scorpions
  2 goliath beetles
  2 crimson imps
  5 hounds
  An orc priest (D:3)
  2 centaur skeletons
  2 orc wizards
  6 worker ants
  Ijyb (D:3)
  Jessica (D:3)
  A hound skeleton (D:6)
  9 adders
  3 worms
  4 giant geckos
  An ooze (D:4)
  18 orcs
  6 bats
  A bat skeleton (D:6)
  5 giant cockroaches
  9 hobgoblins
  8 jackals
  13 kobolds
  4 quokkas
  A giant gecko skeleton (D:5)
  2 giant newts
  7 goblins
  10 rats
132 creatures vanquished.

Notes
Turn   | Place    | Note
--------------------------------------------------------------
     0 | D:1      | ajon, the Gargoyle Earth Elementalist, began the quest for the Orb.
     0 | D:1      | Reached XP level 1. HP: 10/10 MP: 3/3
   209 | D:1      | You fall through a shaft!
   377 | D:2      | Reached XP level 2. HP: 10/15 MP: 0/5
   625 | D:1      | Reached XP level 3. HP: 17/19 MP: 1/6
   825 | D:1      | Reached skill level 4 in Earth Magic
  2071 | D:3      | Noticed Jessica
  2076 | D:3      | Killed Jessica
  2076 | D:3      | Reached XP level 4. HP: 21/24 MP: 6/10
  2414 | D:3      | Noticed Ijyb
  2446 | D:3      | Killed Ijyb
  2614 | D:3      | Learned a level 2 spell: Stoneskin
  2618 | D:3      | Learned a level 3 spell: Passwall
  2622 | D:3      | Learned a level 3 spell: Stone Arrow
  2701 | D:3      | Reached XP level 5. HP: 28/28 MP: 8/12
  2978 | D:3      | Reached skill level 5 in Earth Magic
  3326 | D:3      | Noticed gw's ghost (average DsGl)
  3444 | D:4      | Reached XP level 6. HP: 32/32 MP: 2/16
  3671 | D:4      | Noticed an ogre
  3674 | D:4      | Reached skill level 5 in Spellcasting
  3783 | D:4      | Killed an ogre
  3783 | D:4      | Reached skill level 6 in Earth Magic
  3783 | D:4      | Reached XP level 7. HP: 19/36 MP: 9/19
  3907 | D:4      | Found Uhapeog's General Store.
  3910 | D:4      | Bought a scroll of identify for 20 gold pieces
  3910 | D:4      | Bought a scroll of teleportation for 30 gold pieces
  3996 | D:4      | Noticed an ogre
  4000 | D:4      | Killed an ogre
  4722 | D:5      | Entered Level 5 of the Dungeon
  4913 | D:5      | Reached skill level 7 in Earth Magic
  4960 | D:5      | Found a staircase to the Ecumenical Temple.
  4969 | Temple   | Entered the Ecumenical Temple
  5021 | Temple   | Became a worshipper of Vehumet
  5084 | D:5      | Reached XP level 8. HP: 36/41 MP: 22/22
  5767 | D:5      | Reached skill level 1 in Evocations
  5885 | D:6      | Found a shadowy altar of Dithmenos.
  6018 | D:6      | Acquired Vehumet's first power
  6018 | D:6      | Offered knowledge of Sting by Vehumet.
  6086 | D:5      | Reached skill level 1 in Maces & Flails
  6286 | D:6      | Reached skill level 1 in Armour
  6306 | D:6      | Reached skill level 1 in Fighting
  6511 | D:6      | Found a basalt altar of Yredelemnul.
  6512 | D:6      | Noticed a profane servitor
  6516 | D:6      | Found a glowing golden altar of the Shining One.
  6517 | D:6      | Noticed an angel
  6722 | D:6      | Found a blossoming altar of Fedhas.
  6766 | D:6      | Noticed Natasha
  6774 | D:6      | Slain by a black bear

Action                   |  1- 3 |  4- 6 |  7- 9 || total
-------------------------+-------+-------+-------++-------
Melee: Unarmed           |     9 |       |       ||     9
       Whip              |    28 |    10 |       ||    38
       Flail             |       |    36 |   159 ||   195
       Short sword       |       |       |    14 ||    14
Throw: Tomahawk          |     4 |       |       ||     4
       Stone             |     3 |       |       ||     3
 Cast: Sandblast         |    40 |   125 |    55 ||   220
       Stone Arrow       |       |     3 |    34 ||    37
  Use: Scroll            |       |     7 |     2 ||     9
       Potion            |       |     4 |       ||     4
 Stab: Sleeping          |       |     1 |     3 ||     4
  Eat: Chunk             |     2 |     4 |     7 ||    13
       Pizza             |     1 |     1 |     2 ||     4
       Beef jerky        |       |       |     1 ||     1
